 Dungeon Crawl Stone Soup version 0.25.0-9-g26727b6 (webtiles) character file.

Game seed: 8564303481872424105

10562 shmeve the Fighter (level 11, -3/93 HPs)
             Began as a Minotaur Berserker on June 19, 2020.
             Was a High Priest of Trog.
             Slain by Sonja
             ... wielding a +1 short sword of distortion
              (16 damage)
             ... on level 1 of the Orcish Mines.
             The game lasted 00:18:14 (9447 turns).

shmeve the Fighter (Minotaur Berserker)             Turns: 9447, Time: 00:18:15

Health: -3/93      AC: 22    Str: 23    XL:     11   Next: 37%
Magic:  0/10       EV: 10    Int:  5    God:    Trog [*****.]
Gold:   674        SH:  0    Dex: 11    Spells: 10/10 levels left

rFire    . . .     SeeInvis .   a - +3 battleaxe (vorpal)
rCold    . . .     Gourm    .   (shield currently unavailable)
rNeg     . . .     Faith    .   u - +0 plate armour
rPois    .         Spirit   +   (helmet restricted)
rElec    .         Reflect  .   r - +2 cloak
rCorr    .         Harm     .   b - +0 pair of gloves
MR       ++...                  (no boots)
Stlth    ..........             h - amulet of guardian spirit
HPRegen  1.25/turn              n - +4 ring of slaying
MPRegen  0.12/turn              v - +4 ring of protection

@: berserk cooldown, regenerating, slowed, very slow
A: retaliatory headbutt, horns 2, [blurry vision 1], frail 1, [subdued magic 2]
a: Berserk, Trog's Hand, Brothers in Arms, Renounce Religion


You were on level 1 of the Orcish Mines.
You worshipped Trog.
Trog was extremely pleased with you.
You were very hungry.

You visited 2 branches of the dungeon, and saw 11 of its levels.
You visited the Abyss 1 time.
You also visited: Sewer.

You collected 674 gold pieces.

Inventory:

Hand Weapons
 a - a +3 vorpal battleaxe (weapon)
 M - a +0 broad axe
Armour
 b - a +0 pair of gloves (worn)
 r - a +2 cloak (worn)
 u - a +0 plate armour (worn)
Jewellery
 d - an uncursed amulet of the acrobat
 h - an amulet of guardian spirit (around neck)
 n - a +4 ring of slaying (left hand)
 v - a +4 ring of protection (right hand)
 F - a +6 ring of intelligence
Wands
 C - a wand of flame (10)
 I - a wand of acid (6)
Scrolls
 g - 5 scrolls of enchant armour {unknown}
 j - 3 scrolls of enchant weapon {unknown}
 l - 8 scrolls of identify
 m - 5 scrolls of teleportation {unknown}
 o - 6 scrolls of remove curse {unknown}
 p - 2 scrolls of blinking {unknown}
 q - 4 scrolls of immolation {unknown}
 y - a scroll of noise {unknown}
 D - 2 scrolls of magic mapping {unknown}
 E - 2 scrolls of fear {unknown}
 G - 2 scrolls of amnesia {unknown}
 L - a scroll of silence {unknown}
Potions
 e - 3 potions of lignification {unknown}
 i - 12 potions of curing
 k - a potion of invisibility {unknown}
 s - a potion of resistance {unknown}
 t - 2 potions of haste {unknown}
 w - a potion of stabbing {unknown}
 x - 5 potions of heal wounds
 z - 2 potions of brilliance {unknown}
 A - a potion of flight {unknown}
 B - 4 potions of might {unknown}
 J - a potion of mutation {unknown}
Comestibles
 c - 20 rations


   Skills:
 * Level 11.9 Fighting
 * Level 11.8 Axes
 + Level 6.7 Throwing
 + Level 8.4 Armour
 + Level 7.9 Dodging


You had 10 spell levels left.
You didn't know any spells.
Your spell library was empty.

Dungeon Overview and Level Annotations

Branches:
Dungeon (10/15)            Temple (0/1) D:7            Lair (0/6) D:10
    Orc (1/2) D:10          Sewer (visited)

Altars:
Makhleb
Okawaru
Qazlal
Sif Muna
Vehumet
Zin

Shops:
D:4 :   D:10 :

Annotations:
Orc:1 Sonja


Innate Abilities, Weirdness & Mutations

You reflexively headbutt those who attack you in melee.
You have a pair of horns on your head.
You are frail. (-10% HP)
[Scrolls take you a little longer to read.]
[Your spells are easier to cast, but less powerful.]


Message History

Sonja hits you but does no damage.
You blink.
Sonja mumbles some strange words.
Sonja blinks!
You completely miss Sonja. You headbutt Sonja!
Sonja is heavily wounded.
Sonja hits you but does no damage. Space warps horribly around you!!
* * * LOW HITPOINT WARNING * * *
Sonja hits you but does no damage. Space bends around you.
* * * LOW HITPOINT WARNING * * *
Sonja hits you but does no damage. Space bends around you.
* * * LOW HITPOINT WARNING * * *
Sonja closely misses you. You furiously retaliate!
You headbutt Sonja. Sonja closely misses you. Sonja barely misses you.
Your skin crawls.
You feel resistant to hostile enchantments.
You feel quite a bit more hungry.
Sonja hits you with a +1 short sword of distortion.
* * * LOW HITPOINT WARNING * * *
Space warps horribly around you!
You die...

.. #... ...##
.>##... ....# ..
.....###...# ...
#..(....$###
....##..........##
#...#.#$.........#
...#...............
..............$....
.......@..##.#...#.
......K$..# ......#
.......(..# .#.#.#.
.......(.## ...#.#
.......><.# .. . .
.........(.......
.......(..#.....
.......>.#.#....
................


You could see Sonja.

Vanquished Creatures
  A rakshasa (Abyss:2)
  A two-headed ogre (D:10)
  2 wretched stars (Abyss:2)
  A worldbinder (Abyss:2)
  Psyche (D:8)
  A komodo dragon (D:10)
  Prince Ribbit (D:5)
  Grinder (D:5)
  A raiju (shapeshifter) (Abyss:2)
  2 vampires
  Sigmund (D:2)
  4 yaks (D:9)
  A ynoxinul (Abyss:2)
  A human (D:10)
  Eustachio (D:4)
  A neqoxec (Abyss:2)
  An insubstantial wisp (Abyss:2)
  3 wargs (D:10)
  A large abomination (Abyss:2)
  Duvessa (D:5)
  5 orc warriors
  A sky beast (D:8)
  An ice beast (D:5)
  A phantom (D:5)
  An eye of draining (D:10)
  5 centaurs
  2 ogres
  A necrophage (D:8)
  A big kobold (D:10)
  Blork the orc (D:5)
  6 bullfrogs
  A wyvern zombie (D:8)
  Dowan (D:5)
  2 scorpions
  A wyvern skeleton (D:10)
  5 killer bees (D:8)
  3 wights (Abyss:2)
  5 howler monkeys
  A bullfrog zombie (D:5)
  5 crimson imps
  2 centaur zombies
  2 hounds (D:5)
  3 jellies
  3 orc priests
  9 orc wizards
  A gnoll shaman (D:5)
  A bullfrog skeleton (D:10)
  Natasha (twice) (D:2)
  An iguana (D:5)
  6 worker ants
  A killer bee zombie (D:9)
  2 hound skeletons (D:4)
  4 worker ant zombies
  15 adders
  15 gnolls
  A howler monkey skeleton (D:5)
  8 river rats (Sewer)
  5 shadow imps
  A worm (D:2)
  7 leopard geckos
  27 orcs
  5 ball pythons
  10 bats
  8 giant cockroaches
  7 goblins
  10 hobgoblins
  10 jackals
  27 kobolds
  4 quokkas
  8 frilled lizards
  A jackal skeleton (D:4)
  A leopard gecko zombie (D:3)
  A quokka skeleton (D:6)
  A quokka zombie (D:7)
  23 rats
  A rat zombie (D:7)
  2 plants (D:10)
311 creatures vanquished.

Vanquished Creatures (others)
  A worker ant (D:5)
  A plant (D:10)
2 creatures vanquished.

Grand Total: 313 creatures vanquished

Notes
Turn   | Place    | Note
-------+----------+-------------------------------------------
     0 | D:1      | shmeve the Minotaur Berserker began the quest for the Orb.
     0 | D:1      | Reached XP level 1. HP: 19/19 MP: 0/0
   167 | D:1      | Reached XP level 2. HP: 24/27 MP: 1/1
   585 | D:1      | Reached XP level 3. HP: 28/33 MP: 2/2
   777 | D:1      | Reached ** piety under Trog
  1112 | D:2      | Reached skill level 1 in Throwing
  1231 | D:2      | Noticed Sigmund
  1239 | D:2      | Killed Sigmund
  1239 | D:2      | Reached skill level 5 in Fighting
  1239 | D:2      | Reached skill level 5 in Axes
  1239 | D:2      | Reached XP level 4. HP: 42/42 MP: 3/3
  1239 | D:2      | Reached XP level 5. HP: 48/48 MP: 4/4
  1412 | D:2      | Noticed Natasha
  1423 | D:2      | Killed Natasha
  1423 | D:2      | Reached XP level 6. HP: 56/56 MP: 5/5
  1645 | D:2      | Noticed Natasha
  1653 | D:2      | Killed Natasha
  2087 | D:3      | Reached *** piety under Trog
  2639 | D:4      | Found Xoextaosch's Book Emporium.
  2714 | D:4      | Noticed Eustachio
  2741 | D:4      | Killed Eustachio
  2741 | D:4      | Reached XP level 7. HP: 45/63 MP: 6/6
  2890 | D:4      | Found a glowing drain.
  2918 | Sewer    | Entered a sewer
  3036 | Sewer    | Reached **** piety under Trog
  3575 | D:4      | Found a radiant altar of Vehumet.
  4028 | D:4      | You fall into a shaft and drop 3 floors!
  4044 | D:7      | Reached XP level 8. HP: 71/71 MP: 7/7
  4125 | D:7      | Reached skill level 5 in Armour
  4381 | D:7      | Found an iron altar of Okawaru.
  4396 | D:7      | Found a glowing silver altar of Zin.
  4422 | D:7      | Found a staircase to the Ecumenical Temple.
  4530 | D:6      | Reached ***** piety under Trog
  4816 | D:5      | Entered Level 5 of the Dungeon
  4816 | D:5      | Noticed Grinder
  4820 | D:5      | Paralysed by Grinder for 4 turns
  4831 | D:5      | Reached skill level 5 in Dodging
  4838 | D:5      | Killed Grinder
  4867 | D:5      | Reached XP level 9. HP: 36/82 MP: 8/8
  5187 | D:5      | Noticed Dowan
  5189 | D:5      | Noticed Duvessa
  5197 | D:5      | Killed Dowan
  5199 | D:5      | Killed Duvessa
  5356 | D:5      | Found a shimmering blue altar of Sif Muna.
  5371 | D:5      | Noticed Blork the orc
  5374 | D:5      | Noticed Prince Ribbit
  5380 | D:5      | Killed Blork the orc
  5386 | D:5      | Killed Prince Ribbit
  5812 | D:5      | Found a burning altar of Makhleb.
  7076 | D:8      | Reached skill level 5 in Throwing
  7117 | D:8      | Noticed Psyche
  7124 | D:8      | Killed Psyche
  7132 | D:8      | Reached XP level 10. HP: 83/93 MP: 6/9
  7133 | D:8      | Reached skill level 10 in Fighting
  7235 | D:8      | Reached skill level 10 in Axes
  8279 | D:9      | Received a gift from Trog
  8408 | D:9      | Found a stormy altar of Qazlal.
  8445 | D:10     | Entered Level 10 of the Dungeon
  8494 | D:10     | Found Niytt's Book Emporium.
  8496 | D:10     | Noticed a two-headed ogre
  8504 | D:10     | Killed a two-headed ogre
  8787 | D:10     | Found a burning altar of Makhleb.
  8819 | D:10     | Found a staircase to the Lair.
  8934 | D:10     | Found a staircase to the Orcish Mines.
  9024 | Orc:1    | Entered Level 1 of the Orcish Mines
  9024 | Orc:1    | Noticed Sonja
  9029 | Orc:1    | Cast into level 2 of the Abyss (Sonja)
  9251 | Abyss:2  | Noticed a wretched star
  9258 | Abyss:2  | Killed a wretched star
  9258 | Abyss:2  | Reached XP level 11. HP: 102/102 MP: 7/7
  9303 | Abyss:2  | Noticed a rakshasa
  9307 | Abyss:2  | Killed a rakshasa
  9346 | Abyss:2  | Gained mutation: You are frail. (-10% HP) [a neqoxec]
  9373 | Abyss:2  | Noticed a wretched star
  9380 | Abyss:2  | Killed a wretched star
  9428 | Abyss:2  | Noticed a lich
  9429 | Orc:1    | Escaped the Abyss
  9447 | Orc:1    | Slain by Sonja

Illustrated notes

Levels and vault maps discovered:
D:1:      tarquinn_simple_flora_water_e, layout_basic
D:2:      layout_loops_ring, uniq_sigmund, uniq_natasha
D:3:      layout_loops_ring, st_stairs_9
D:4:      layout_cave_pods, kennysheep_mini, first_ration, serial_shops, shop,
          portal_sewer_entry_f, uniq_eustachio
D:5:      layout_basic, old_standard_altar, makhleb_blood_cavern_becter,
          uniq_prince_ribbit1, uniq_grinder, uniq_blork_the_orc, uniq_duvessa
D:6:      layout_loops_ring
D:7:      layout_loops_corners, okawaru_metal_pillars_1_2,
          nicolae_overflow_crystal_walls, temple_fountains, enter_ossuary_4
D:8:      layout_basic, uniq_psyche
D:9:      layout_cross, nicolae_qazlal_eye_of_the_storm
D:10:     layout_rooms, david_lair_shrubbed, minmay_orc_entry_guard_dogs,
          basic_altar, serial_shops, nicolae_shop_crystal, grunt_pizzeria
Orc:1:    layout_caves, portal_ice_cave_entry_imps, hangedman_feature_mirror,
          uniq_sonja

Skill      XL: |  1  2  3  4  5  6  7  8  9 10 |
---------------+-------------------------------+-----
Fighting       | 4 5 6 8 9 11 | 11.9
Axes           | 4 5 6 8 9 11 | 11.8
Throwing       | 1 2 3 4 5 6 |  6.7
Armour         | 3 4 5 6 8 |  8.4
Dodging        | 3 4 5 6 7 |  7.9

Action                   |  1- 3 |  4- 6 |  7- 9 | 10-12 || total
-------------------------+-------+-------+-------+-------++-------
Melee: Hand axe          |    61 |   141 |   356 |    86 ||   644
       Headbutt          |    12 |    14 |    64 |    38 ||   128
       Battleaxe         |       |       |       |    90 ||    90
       Broad axe         |       |       |       |     5 ||     5
Throw: Throwing net      |       |       |       |     1 ||     1
Invok: Berserk           |     1 |     3 |     4 |     5 ||    13
       Trog's Hand       |     1 |       |     5 |     2 ||     8
  Use: Potion            |       |       |     2 |       ||     2
       Scroll            |       |       |     4 |     4 ||     8
  Eat: Chunk             |     1 |     9 |    20 |     5 ||    35
       Ration            |       |       |       |     2 ||     2
Armor: Scale mail        |    28 |    59 |       |       ||    87
       Plate armour      |       |    96 |   339 |   144 ||   579
Dodge: Dodged            |    41 |   110 |   220 |   102 ||   473
